 Dungeon Crawl Stone Soup version 0.27-a0-1256-gced786f65e (webtiles) character file.

Game seed: 3551227409756491926

730836 reriks the Hoplite (level 27, -15/203 HPs)
             Began as a Formicid Fighter on June 5, 2021.
             Was the Champion of Cheibriados.
             Killed by drain life
             ... invoked by a deathcap
             ... summoned by a curse toe
              (21 damage)
             ... on level 5 of the Realm of Zot on June 10, 2021.
             The game lasted 02:35:36 (102771 turns).

reriks the Hoplite (Formicid Fighter)             Turns: 102771, Time: 02:35:36

Health: -15/203    AC: 48    Str: 40    XL:     27
Magic:  33/33      EV: 31    Int: 23    God:    Cheibriados [******]
Gold:   5655       SH: 43    Dex: 34    Spells: 26/26 levels left

rFire    + + +     SeeInvis +   x - +9 triple sword (holy)
rCold    + . .     Faith    .   l - +6 tower shield {AC+3}
rNeg     . . .     Spirit   .   f - +4 crystal plate armour
rPois    +         Reflect  +   (helmet unavailable)
rElec    +         Harm     .   i - scarf {rC+ rF+}
rCorr    .         Rampage  .   a - +2 pair of gloves
Will     ++...                  k - +0 pair of boots
Stlth    ..........             S - amulet of Ubro {Reflect rF++ Str-3 Dex+3 Slay+3 SH+5}
HPRegen  0.43/turn              e - ring of Taxtegal {Fly rElec rPois EV+4}
MPRegen  0.23/turn              p - +4 ring of protection

@: flying, very slow
A: permanent stasis, dig shafts and tunnels, antennae 3, four strong arms, frail
1, low mp 1
}: 3/15 runes: decaying, serpentine, silver
a: Dig, Shaft Self, Renounce Religion, Bend Time, Temporal Distortion, Slouch,
Step From Time


You were on level 5 of the Realm of Zot.
You worshipped Cheibriados.
Cheibriados was exalted by your worship.
You visited 13 branches of the dungeon, and saw 57 of its levels.
You also visited: Sewer and Ice Cave.

You collected 8137 gold pieces.
You spent 2482 gold pieces at shops.

Inventory:

Hand Weapons
 x - a +9 triple sword of holy wrath (weapon)
 D - a +9 vorpal great sword
 P - the +9 sword of Zonguldrok {reap}
   (You found it on level 4 of the Depths)

   If a monster killed with it leaves a corpse in good enough shape, the corpse
   is reanimated as a zombie friendly to the killer.
Armour
 a - a +2 pair of gloves (worn)
 f - a +4 crystal plate armour (worn)
 i - a scarf of resistance (worn)
 k - a +0 pair of boots (worn)
 l - a +6 tower shield of protection (worn)
 G - a +2 cloak of preservation
Jewellery
 e - the ring of Taxtegal (left hand) {Fly rElec rPois EV+4}
   (You bought it in a shop on level 3 of the Snake Pit)

   [ring of evasion]

   It affects your evasion (+4).
   It insulates you from electricity.
   It protects you from poison.
   It grants you flight.
 h - a ring of positive energy
 p - a +4 ring of protection (right hand)
 y - the ring "Wuryom" {rElec Int+8 Dex-3 Slay+4 Stlth-}
   (You took it off a deep elf annihilator on level 3 of the Elven Halls)

   [ring of slaying]

   It affects your intelligence (+8).
   It affects your dexterity (-3).
   It affects your accuracy and damage with ranged weapons and melee attacks
   (+4).
   It insulates you from electricity.
   It makes you less stealthy.
 J - a +4 ring of slaying
 K - an amulet of the acrobat
 L - a ring of poison resistance
 N - a ring of protection from cold
 S - the amulet of Ubro (around neck) {Reflect rF++ Str-3 Dex+3 Slay+3 SH+5}
   (You acquired it on level 13 of the Dungeon)

   [amulet of reflection]

   It reflects blocked missile attacks.
   It affects your strength (-3).
   It affects your dexterity (+3).
   It affects your accuracy and damage with ranged weapons and melee attacks
   (+3).
   It greatly protects you from fire.
   It affects your SH (+5).
 Y - a +6 ring of intelligence
Wands
 c - a wand of charming (11)
 d - a wand of iceblast (60)
 o - a wand of flame (20)
 O - a wand of mindburst (20)
 R - a wand of acid (28)
Scrolls
 m - 3 scrolls of magic mapping
 n - 4 scrolls of summoning
 z - 10 scrolls of fear
 A - 37 scrolls of identify
 H - 6 scrolls of silence
 I - a scroll of brand weapon
 M - 8 scrolls of amnesia
 T - 8 scrolls of fog
 U - a scroll of enchant weapon
 V - 3 scrolls of holy word
Potions
 b - 9 potions of mutation
 g - 5 potions of lignification
 j - 15 potions of attraction
 q - 15 potions of heal wounds
 t - 10 potions of brilliance
 u - a potion of cancellation
 v - 24 potions of curing
 B - 2 potions of magic
 C - 7 potions of degeneration
 F - 5 potions of ambrosia
 Q - 4 potions of berserk rage
 W - 4 potions of invisibility
 X - 5 potions of might


   Skills:
 + Level 20.7 Fighting
 + Level 23.0 Long Blades
 + Level 26.2 Armour
 + Level 17.5 Dodging
 + Level 26.9 Shields
 + Level 21.5 Invocations


You had 26 spell levels left.
You didn't know any spells.
Your spell library contained the following spells:

 Spells                   Type           Power      Damage    Failure   Level
 Animate Skeleton         Necr           0%         N/A       50%         1
 Apportation              Tloc           0%         N/A       50%         1
 Beastly Appendage        Tmut           0%         N/A       50%         1
 Corona                   Hex            0%         N/A       50%         1
 Foxfire                  Conj/Fire      0%         2x1d4     50%         1
 Freeze                   Ice            0%         1d3       50%         1
 Magic Dart               Conj           0%         1d3       50%         1
 Pain                     Necr           0%         1d4       50%         1
 Shock                    Conj/Air       0%         1d3       50%         1
 Call Imp                 Summ           0%         N/A       65%         2
 Corpse Rot               Necr/Air       N/A        N/A       65%         2
 Ensorcelled Hibernation  Hex/Ice        0%         N/A       65%         2
 Poisonous Vapours        Pois/Air       0%         N/A       65%         2
 Searing Ray              Conj           0%         3d3       65%         2
 Slow                     Hex            0%         N/A       65%         2
 Sublimation of Blood     Necr           0%         N/A       65%         2
 Wereblood                Tmut           0%         N/A       65%         2
 Confusing Touch          Hex            0%         N/A       86%         3
 Conjure Flame            Conj/Fire      0%         6-21      86%         3
 Dazzling Flash           Conj/Hex       0%         N/A       86%         3
 Frozen Ramparts          Ice            0%         1d2       86%         3
 Gell's Gravitas          Tloc           0%         N/A       86%         3
 Ignite Poison            Fire/Tmut/Pois 0%         N/A       86%         3
 Inner Flame              Hex/Fire       0%         N/A       86%         3
 Lesser Beckoning         Tloc           0%         N/A       86%         3
 Mephitic Cloud           Conj/Pois/Air  0%         N/A       86%         3
 Ozocubu's Armour         Ice            0%         N/A       86%         3
 Portal Projectile        Hex/Tloc       0%         N/A       86%         3
 Spider Form              Tmut/Pois      0%         N/A       86%         3
 Stone Arrow              Conj/Erth      0%         3d7       86%         3
 Tukima's Dance           Hex            0%         N/A       86%         3
 Vampiric Draining        Necr           0%         2d6       86%         3
 Animate Armour           Summ/Erth      0%         N/A       99%         4
 Animate Dead             Necr           0%         N/A       99%         4
 Cause Fear               Hex            0%         N/A       99%         4
 Dispel Undead            Necr           0%         3d6       99%         4
 Fulminant Prism          Conj/Hex       0%         3d6       99%         4
 Hailstorm                Conj/Ice       0%         3d3       99%         4
 Ice Form                 Ice/Tmut       0%         N/A       99%         4
 Iskenderun's Mystic Bla  Conj/Tloc      0%         2d3       99%         4
 Leda's Liquefaction      Hex/Erth       0%         N/A       99%         4
 Passage of Golubria      Tloc           N/A        N/A       99%         4
 Petrify                  Tmut/Erth      0%         N/A       99%         4
 Sticky Flame             Conj/Fire      0%         2d3       99%         4
 Summon Ice Beast         Ice/Summ       0%         N/A       99%         4
 Summon Lightning Spire   Summ/Air       0%         N/A       99%         4
 Agony                    Necr           0%         N/A       100%        5
 Alistair's Intoxication  Tmut/Pois      0%         N/A       100%        5
 Bolt of Magma            Conj/Fire/Erth 0%         4d4       100%        5
 Borgnjor's Vile Clutch   Necr/Erth      0%         N/A       100%        5
 Excruciating Wounds      Necr           0%         N/A       100%        5
 Fireball                 Conj/Fire      0%         3d3       100%        5
 Freezing Cloud           Conj/Ice/Air   0%         6-21      100%        5
 Irradiate                Conj/Tmut      0%         3d14      100%        5
 Manifold Assault         Tloc           0%         N/A       100%        5
 Metabolic Englaciation   Hex/Ice        0%         N/A       100%        5
 Silence                  Hex/Air        0%         N/A       100%        5
 Summon Forest            Summ/Tloc      0%         N/A       100%        5
 Summon Mana Viper        Hex/Summ       0%         N/A       100%        5
 Yara's Violent Unravell  Hex/Tmut       0%         3d3       100%        5
 Conjure Ball Lightning   Conj/Air       0%         3x3d6     100%        6
 Dispersal                Tloc           0%         N/A       100%        6
 Eringya's Noxious Bog    Tmut/Pois      0%         N/A       100%        6
 Invisibility             Hex            0%         N/A       100%        6
 Iron Shot                Conj/Erth      0%         9d1       100%        6
 Shadow Creatures         Summ           N/A        N/A       100%        6
 Simulacrum               Ice/Necr       0%         N/A       100%        6
 Starburst                Conj/Fire      0%         8x6d3     100%        6
 Statue Form              Tmut/Erth      0%         N/A       100%        6
 Haunt                    Necr/Summ      0%         N/A       100%        7
 Ozocubu's Refrigeration  Ice            0%         4d5       100%        7
 Storm Form               Tmut/Air       0%         N/A       100%        7
 Summon Hydra             Summ           0%         N/A       100%        7
 Disjunction              Tloc           0%         N/A       100%        8
 Ignition                 Fire           0%         3d3       100%        8
 Polar Vortex             Ice            0%         N/A       100%        9
 Shatter                  Erth           0%         3d5*      100%        9
 Blink                    Tloc           Unusable   N/A       N/A         2
 Swiftness                Air            Unusable   N/A       N/A         3

Dungeon Overview and Level Annotations

Branches:
Dungeon (15/15)            Temple (0/1) D:5            Lair (6/6) D:10
  Swamp (4/4) Lair:2        Snake (4/4) Lair:4        Slime (0/5) Lair:5
    Orc (2/2) D:10            Elf (3/3) Orc:2        Vaults (5/5) D:14
  Crypt (3/3) Vaults:3       Tomb (1/3) Crypt:3      Depths (5/5) D:15
   Hell (visited)             Dis (0/7) Hell            Geh (3/7) Hell
    Coc (0/7) Hell            Tar (0/7) Hell            Zot (5/5) Depths:5
  Sewer (visited)           IceCv (visited)

Altars:
Cheibriados
Gozag
Hepliaklqana
Kikubaaqudgha
Okawaru
Sif Muna
Trog
Uskayaw
Vehumet
Wu Jian
Xom
Yredelemnul
Zin
Beogh
Jiyva

Shops:
D:8 **   Orc:2 !?(:   Snake:3 =(   Snake:4 ::*   Vaults:2 =   Depths:3 ![=[
Depths:5 !

Portals:
Hell: Depths:1 Depths:2 Depths:3 Depths:4 Depths:5
Abyss: Depths:3 Depths:4
Pandemonium: Depths:1 Depths:3
Ziggurat: Depths:4

Annotations:
D:6 4 runed translucent doors, deadmanwalking's ghost, novice DsGl
Lair:1 3 runed translucent doors, Zuem's ghost, journeyman DrIE
Lair:4 exclusion: ice statue
Lair:6 1 runed translucent door, Buinah's ghost, journeyman DjFE
Snake:2 1 runed translucent door, 2FriedEggs's ghost, adept PaWr
Elf:1 2 transporters, Kul Yruc's ghost, adept HuHu
Depths:2 exclusion: obsidian statue


Innate Abilities, Weirdness & Mutations

You cannot be hasted, slowed, berserked, paralysed or teleported.
You can dig through walls and to a lower floor.
You have a pair of large antennae on your head. (SInv)
Your four strong arms can wield two-handed weapons with a shield.
You are frail. (-10% HP)
Your magical capacity is low. (-10% MP)


Message History

The glob of acid hits the yellow draconian.
The acid splashes onto the deathcap!
The deathcap is splashed with acid!
The acid corrodes the deathcap!
The acid splashes onto the deathcap!
The deathcap is splashed with acid.
The acid corrodes the deathcap!
The acid splashes onto you!
You are splashed with acid!
* * * LOW HITPOINT WARNING * * *
The acid splashes onto the wandering mushroom!
The wandering mushroom is splashed with acid.
The acid corrodes the wandering mushroom!
You block the wandering mushroom's attack.
The deathcap completely misses you. You block the deathcap's attack.
The curse toe gestures.
You hit the yellow draconian but do no damage.
The yellow draconian is moderately wounded.
The yellow draconian hits you with a +0 hand axe!
* * * LOW HITPOINT WARNING * * *
You block the deathcap's attack. x2
The wandering mushroom closely misses you.
You slice the yellow draconian!!
The yellow draconian is heavily wounded.
You slice the yellow draconian!!
The yellow draconian is almost dead.
You block the yellow draconian's attack.
You block the wandering mushroom's attack.
You block the deathcap's attack. The deathcap misses you.
You carve the yellow draconian like a ham!!!
You kill the yellow draconian!
Cheibriados thoroughly appreciates the change of pace.
The wandering mushroom releases spores at you but does no damage.
You block the deathcap's attack. x2
The curse toe calls on the powers of darkness!
Your body is wracked with pain!
* * * LOW HITPOINT WARNING * * *
You block the deathcap's attack. The wandering mushroom misses you.
The deathcap completely misses you.
You block the wandering mushroom's attack.
The deathcap barely misses you.
The curse toe gestures.
The deathcap draws from the surrounding life force!
You die...

.≈≈≈⌠≈≈......#
.≈≈...≈......#
#.(........#
#..........#
#.........○#
#.........z#
#.......fff#
#...<...ff@#####.#
###......ffff.....
##############.#


You could see a curse toe, 3 deathcaps and 6 wandering mushrooms.

Vanquished Creatures
  3 ancient liches (Crypt:3)
  7 dread liches
  An orb of fire (Zot:2)
  Mara (Snake:3)
  Mennas (Vaults:3)
  A juggernaut (Depths:3)
  Saint Roka (Snake:3)
  Vashnia (Snake:3)
  Bai Suzhen (Snake:3)
  5 caustic shrikes
  4 curse toes
  Geryon (Hell)
  9 golden dragons
  Nikola (Elf:3)
  An electric golem (Zot:2)
  3 Brimstone Fiends
  21 tentacled monstrosities
  8 liches
  Jorgrun (D:13)
  3 deep elf blademasters
  A deep elf master archer (Elf:3)
  4 titans
  6 quicksilver dragons
  6 death cobs
  11 sphinxes
  A thorn hunter (Swamp:2)
  2 ancient champions
  Kirke (D:14)
  Frances (Swamp:1)
  19 shadow dragons
  Donald (Snake:3)
  17 storm dragons
  A shadow dragon (shapeshifter) (Depths:4)
  5 tengu reavers
  4 draconian monks
  3 draconian knights
  A rockslime (IceCv)
  A fenstrider witch (Swamp:2)
  An azure jelly (shapeshifter) (Depths:4)
  3 azure jellies (IceCv)
  7 frost giants
  4 nagarajas (Snake:4)
  3 revenants
  10 fire giants
  3 deep elf sorcerers (Elf:3)
  2 iron dragons (Hell)
  4 ghost moths
  A balrug (Hell)
  Aizul (Lair:4)
  5 draconian shifters
  17 vault wardens
  11 ghouls
  5 draconian scorchers
  3 orc warlords
  2 draconian stormcallers
  3 curse skulls
  8 draconian annihilators
  6 spriggan defenders
  17 ironbound preservers
  5 deep elf elementalists (Elf:3)
  3 quicksilver oozes (IceCv)
  36 very ugly things
  15 stone giants
  11 war gargoyles
  4 reapers
  4 deep elf demonologists (Elf:3)
  9 yellow draconians
  6 vampire knights
  13 green draconians
  A lorocyproca (Hell)
  9 deep elf annihilators (Elf:3)
  2 dire elephants
  9 black draconians
  10 white draconians
  8 red draconians
  Azrael (Snake:1)
  5 spark wasps
  3 entropy weavers
  4 bunyips
  8 purple draconians
  3 eleionomae
  4 blizzard demons
  5 eidola
  13 deep elf death magi
  15 ettins
  4 jiangshi
  13 fire dragons
  A mummy priest (Tomb:1)
  6 deep elf high priests (Elf:3)
  2 crystal guardians
  2 shambling mangroves (Swamp:2)
  A merfolk javelineer (Depths:2)
  5 great orbs of eyes
  12 yaktaur captains
  9 ice dragons
  A hell beast (Depths:3)
  32 vault guards
  Harold (D:10)
  19 naga warriors
  3 rakshasas
  Erolcha (D:13)
  2 ghost crabs
  9 anacondas
  4 boulder beetles
  2 spriggan air magi
  6 ironbound thunderhulks
  22 hydras
  8 ironbound frosthearts
  5 ogre magi
  2 peacekeepers
  8 alligators
  A merfolk avatar (Lair:6)
  48 dancing weapons
  9 two-headed ogres
  5 tengu warriors
  6 death yaks (Lair:4)
  A death yak (shapeshifter) (Depths:4)
  10 death scarabs (Tomb:1)
  8 centaur warriors
  7 deep troll shamans
  7 deep troll earth magi
  4 ironbound beastmasters
  6 vampire magi
  17 hell hogs
  3 titan zombies
  7 soul eaters
  13 shock serpents
  20 naga sharpshooters
  4 spriggan berserkers
  32 hell knights
  7 sun demons
  2 orc high priests
  14 deep elf knights
  2 storm dragon zombies
  Sonja (D:11)
  A titan skeleton (Geh:1)
  3 iron golems
  Nergalle (Lair:3)
  A fire crab (Swamp:4)
  8 salamander mystics
  3 sea snakes
  7 goliath frogs
  15 skeletal warriors
  5 iron trolls
  3 shadow wraiths
  3 anaconda zombies
  66 deep trolls
  13 flayed ghosts
  A quicksilver dragon simulacrum (Hell)
  A golden dragon zombie (Geh:2)
  17 deep elf archers
  15 ironbound convokers
  4 swamp dragons
  An iron giant skeleton (Crypt:2)
  5 glowing orange brains
  4 obsidian statues (Depths:4)
  12 naga ritualists
  A swamp dragon (shapeshifter) (Depths:4)
  6 lindwurms
  7 bog bodies
  A lindwurm (shapeshifter) (Depths:4)
  6 harpies
  5 wizards
  6 spriggan druids
  10 orc knights
  17 necromancers
  10 mana vipers
  19 phantasmal warriors
  31 deep elf pyromancers
  27 deep elf zephyrmancers
  A glowing shapeshifter (Depths:4)
  A wolf spider (shapeshifter) (Depths:4)
  5 cyclopes
  9 orc sorcerers
  An oklob plant (Lair:3)
  16 salamanders
  2 iron dragon zombies
  A stone giant zombie (Hell)
  2 will-o-the-wisps
  A fire giant zombie (Geh:1)
  77 ugly things
  21 vault sentinels
  3 manticores
  4 elephants (Lair:6)
  40 slime creatures
  6 guardian serpents (Snake:3)
  A stone giant skeleton (Vaults:2)
  9 fire giant skeletons
  A frost giant zombie (Hell)
  2 iron dragon skeletons
  17 moths of wrath
  47 black mambas
  2 frost giant skeletons
  17 naga magi
  7 rust devils
  Joseph (D:7)
  Maurice (D:8)
  4 ice statues
  6 molten gargoyles
  9 cane toads
  7 gargoyles
  5 smoke demons (Hell)
  A red draconian zombie (Crypt:2)
  2 spriggan zombies (Hell)
  3 rime drakes (Lair:6)
  3 sea snake zombies (Hell)
  5 hellions
  A purple draconian zombie (Crypt:2)
  An ice devil (Hell)
  3 kobold demonologists (D:12)
  7 freezing wraiths
  A komodo dragon (shapeshifter) (Depths:4)
  30 yaktaurs
  7 komodo dragons
  9 guardian mummies
  A tormentor (Hell)
  An efreet (D:13)
  2 entropy weaver simulacra (IceCv)
  7 red devils (Geh:2)
  2 tengu conjurers (D:15)
  4 human skeletons
  A harpy zombie (Tomb:1)
  10 tyrant leeches
  12 trolls
  4 polar bears
  A bloated husk (Swamp:2)
  4 hydra skeletons
  Prince Ribbit (Lair:3)
  7 wind drakes
  15 hornets
  Grinder (D:3)
  3 ice dragon zombies (Hell)
  A jumping spider (Vaults:2)
  4 raiju (Depths:4)
  15 blink frogs
  2 harpy skeletons
  2 ettin zombies
  An iron dragon simulacrum (Crypt:1)
  A meliai zombie (D:10)
  A deep troll zombie (Depths:1)
  3 elf zombies
  4 dream sheep (Lair:5)
  A snapping turtle (shapeshifter) (Vaults:5)
  A human simulacrum (Vaults:5)
  5 redbacks
  13 shadows
  14 fire dragon skeletons
  A redback (shapeshifter) (Depths:4)
  8 spriggans
  A spriggan (shapeshifter) (Depths:4)
  12 air elementals
  13 flying skulls
  Sigmund (D:5)
  2 ice dragon skeletons (Geh:2)
  20 water elementals
  16 wraiths
  A tarantella (shapeshifter) (Depths:4)
  A vampire (D:11)
  65 yaks
  6 wyverns
  23 fire elementals
  A hog (D:14)
  2 ushabtiu (Tomb:1)
  5 basilisks
  5 fire bats
  4 vampire mosquitoes
  A sea snake simulacrum (Hell)
  A steam dragon (Swamp:4)
  A neqoxec (Depths:2)
  10 swamp worms
  5 wargs
  16 hell hounds
  49 nagas
  A warg (shapeshifter) (Depths:4)
  Edmund (D:6)
  12 water moccasins
  A merfolk zombie (Geh:2)
  An acid dragon (D:11)
  An infernal demonspawn skeleton (Crypt:2)
  Duvessa (D:7)
  A swamp drake (Swamp:4)
  A floating eye (Depths:3)
  2 sky beasts (D:5)
  10 ice beasts
  2 black bears
  An ettin simulacrum (Vaults:5)
  31 orc warriors
  2 swamp dragon zombies
  An ogre (shapeshifter) (Depths:4)
  10 ogres
  13 necrophages
  2 ugly thing simulacra (IceCv)
  15 wolves
  5 centaurs
  A phantom (D:7)
  12 kobold brigands
  Blork the orc (D:4)
  A cyclops zombie (Crypt:1)
  11 bullfrogs
  2 wyvern zombies (D:8)
  9 earth elementals
  A scorpion (D:7)
  Dowan (D:7)
  5 glowing shapeshifter simulacra (IceCv)
  An ogre simulacrum (Vaults:5)
  A wyvern skeleton (D:7)
  A queen bee zombie (Crypt:1)
  15 killer bees
  23 wights
  A spriggan skeleton (Geh:1)
  A troll skeleton (Geh:2)
  4 electric eels
  2 yak skeletons (Crypt:2)
  2 bullfrog zombies
  4 howler monkeys
  A lava snake (Swamp:4)
  A crimson imp (Geh:2)
  3 centaur zombies
  3 human zombies
  2 bullfrog skeletons
  14 orc priests
  2 hounds
  A centaur skeleton (D:4)
  Natasha (thrice) (D:3)
  Ijyb (D:4)
  2 iguanas (D:6)
  35 orc wizards
  12 hell rats (Lair:5)
  A scorpion zombie (D:5)
  A dwarf zombie (Crypt:1)
  An ogre skeleton (Crypt:3)
  A hound skeleton (D:5)
  A howler monkey zombie (D:7)
  14 mummies
  Robin (D:3)
  9 adders
  7 gnolls
  A tengu simulacrum (Hell)
  3 river rats (Sewer)
  2 white imps
  2 howler monkey simulacra (D:9)
  2 ufetubi (D:5)
  A lava snake skeleton (Crypt:2)
  5 worms
  A barachi zombie (Crypt:2)
  A dart slug (D:2)
  84 orcs
  A bat skeleton (Crypt:2)
  8 endoplasms
  A giant cockroach (D:5)
  19 goblins
  8 hobgoblins
  2 jackals (D:3)
  14 kobolds
  A quokka (D:1)
  11 ball pythons
  2 bats
  11 frilled lizards (D:3)
  A frilled lizard zombie (Crypt:1)
  12 rats
  2 rat skeletons (Crypt:1)
  A rat zombie (Crypt:2)
2568 creatures vanquished.

Vanquished Creatures (collateral kills)
  Frederick (Depths:5)
  A fire dragon (Depths:5)
  A manticore (shapeshifter) (Depths:5)
3 creatures vanquished.

Vanquished Creatures (others)
  Margery (Crypt:3)
  A fire giant (Depths:3)
  2 ghost moths (Zot:3)
  A naga warrior (Snake:3)
  3 deep elf knights
  A salamander mystic (Snake:4)
  A swamp dragon (Swamp:4)
  A necromancer (Geh:1)
  A wizard (Vaults:1)
  A deep elf pyromancer (Elf:1)
  A black mamba (Snake:2)
  A naga mage (Snake:1)
  A tengu conjurer (D:13)
  4 bloated husks
  An air elemental (Elf:1)
  3 humans (D:14)
  A water elemental (Depths:4)
  2 steam dragons (Swamp:4)
  5 swamp drakes
  A demonic crawler simulacrum (IceCv)
  A centaur (D:14)
  A glowing shapeshifter simulacrum (IceCv)
  A wight (Geh:1)
  11 ball lightnings (Depths:4)
  8 foxfires
  20 fungi
  62 plants
  45 withered plants (Crypt:3)
182 creatures vanquished.

Grand Total: 2753 creatures vanquished

Notes
Turn   | Place    | Note
-------+----------+-------------------------------------------
     0 | D:1      | reriks the Formicid Fighter began the quest for the Orb.
     0 | D:1      | Reached XP level 1. HP: 18/18 MP: 1/1
   275 | D:1      | Reached XP level 2. HP: 18/24 MP: 2/2
   478 | D:1      | Found a faded altar of an unknown god.
   641 | D:1      | Reached XP level 3. HP: 29/29 MP: 3/3
  1700 | D:2      | Reached XP level 4. HP: 37/37 MP: 4/4
  2513 | D:3      | Found an ornate altar of the Wu Jian Council.
  2532 | D:3      | Noticed a spectral centipede
  2532 | D:3      | Noticed a spectral black mamba
  2532 | D:3      | Noticed a spectral cane toad
  2654 | D:3      | Noticed Grinder
  2667 | D:3      | Killed Grinder
  2668 | D:3      | Reached skill level 1 in Dodging
  2668 | D:3      | Reached skill level 5 in Shields
  2668 | D:3      | Reached XP level 5. HP: 25/43 MP: 5/5
  2668 | D:3      | Reached XP level 6. HP: 28/49 MP: 6/6
  3804 | D:3      | Noticed Robin
  3817 | D:3      | Killed Robin
  4122 | D:4      | Noticed Ijyb
  4134 | D:4      | Killed Ijyb
  4135 | D:4      | Reached skill level 5 in Armour
  4135 | D:4      | Reached XP level 7. HP: 47/54 MP: 7/7
  4249 | D:4      | Noticed Natasha
  4252 | D:4      | Noticed Blork the orc
  4273 | D:3      | Killed Natasha
  4352 | D:3      | Noticed Natasha
  4369 | D:3      | Killed Natasha
  4370 | D:3      | Reached skill level 5 in Fighting
  4648 | D:3      | Noticed Natasha
  4667 | D:3      | Killed Natasha
  5171 | D:4      | Found a glowing silver altar of Zin.
  5210 | D:4      | Killed Blork the orc
  5405 | D:3      | Reached XP level 8. HP: 26/63 MP: 8/8
  6052 | D:4      | Found a hazy altar of Hepliaklqana.
  6392 | D:4      | Found a snail-covered altar of Cheibriados.
  6619 | D:4      | Became a worshipper of Cheibriados the Contemplative
  6646 | D:5      | Entered Level 5 of the Dungeon
  6652 | D:5      | Found a glowing drain.
  6679 | Sewer    | Entered a sewer
  7072 | Sewer    | Reached skill level 1 in Invocations
  7301 | Sewer    | Reached * piety under Cheibriados
  7979 | D:5      | Found a staircase to the Ecumenical Temple.
  8005 | D:5      | Reached XP level 9. HP: 62/71 MP: 10/10
  8848 | D:5      | Noticed Sigmund
  8865 | D:5      | Killed Sigmund
  9183 | D:6      | Found a runed translucent gate.
  9183 | D:6      | Found a runed translucent gate.
  9183 | D:6      | Found a runed translucent gate.
  9679 | D:6      | Noticed deadmanwalking's ghost (novice DsGl)
  9769 | D:6      | Reached ** piety under Cheibriados
  9994 | D:6      | Found a shimmering altar of Xom.
 10011 | D:6      | Noticed Edmund
 10051 | D:6      | Killed Edmund
 10251 | D:6      | Found a runed translucent door.
 10812 | D:6      | Found a basalt altar of Yredelemnul.
 10879 | D:7      | Noticed a hornet
 10922 | D:7      | Noticed Joseph
 10929 | D:7      | Killed Joseph
 10930 | D:7      | Reached skill level 5 in Long Blades
 10930 | D:7      | Reached XP level 10. HP: 64/79 MP: 12/12
 11664 | D:7      | Reached *** piety under Cheibriados
 11673 | D:7      | Noticed Duvessa
 11681 | D:7      | Killed Duvessa
 11684 | D:7      | Noticed Dowan
 11687 | D:7      | Killed Dowan
 12761 | D:8      | Reached **** piety under Cheibriados
 12927 | D:8      | Noticed Maurice
 12939 | D:8      | Killed Maurice
 12965 | D:8      | Reached skill level 5 in Invocations
 12965 | D:8      | Reached XP level 11. HP: 82/86 MP: 14/14
 13375 | D:8      | Found Qasyng's General Store.
 13383 | D:8      | Bought a potion of heal wounds for 60 gold pieces
 13383 | D:8      | Bought a scroll of enchant armour for 90 gold pieces
 13383 | D:8      | Bought a scroll of enchant armour for 90 gold pieces
 13383 | D:8      | Bought a scroll of enchant weapon for 90 gold pieces
 13383 | D:8      | Bought a scroll of identify for 24 gold pieces
 13411 | D:8      | Found an iron altar of Okawaru.
 13487 | D:8      | Found Borr's General Store.
 13686 | D:8      | Reached skill level 10 in Shields
 14263 | D:9      | Reached skill level 5 in Dodging
 14563 | D:9      | Noticed a two-headed ogre
 14575 | D:9      | Killed a two-headed ogre
 14988 | D:9      | Noticed a deep elf pyromancer
 14993 | D:9      | Killed a deep elf pyromancer
 15284 | D:10     | Entered Level 10 of the Dungeon
 15318 | D:10     | Reached skill level 10 in Armour
 15334 | D:10     | Reached ***** piety under Cheibriados
 15969 | D:10     | Found a staircase to the Lair.
 15987 | D:10     | Found a staircase to the Orcish Mines.
 16048 | D:10     | Noticed Harold
 16061 | D:10     | Killed Harold
 16062 | D:10     | Reached XP level 12. HP: 90/94 MP: 16/16
 16503 | Orc:1    | Entered Level 1 of the Orcish Mines
 17004 | Orc:2    | Entered Level 2 of the Orcish Mines
 17144 | Orc:2    | Found a staircase to the Elven Halls.
 17292 | Orc:2    | Noticed an orc high priest
 17704 | Orc:2    | Killed an orc high priest
 18247 | Orc:1    | Noticed a two-headed ogre
 18255 | Orc:1    | Killed a two-headed ogre
 19113 | Orc:2    | Noticed an ogre mage
 19124 | Orc:2    | Killed an ogre mage
 19459 | Orc:2    | Noticed a sun demon
 19593 | Orc:2    | Reached ****** piety under Cheibriados
 19725 | Orc:2    | Noticed an ogre mage
 19730 | Orc:2    | Killed an ogre mage
 20706 | Orc:2    | Found an ancient bone altar of Kikubaaqudgha.
 20715 | Orc:2    | Noticed a sun demon
 20717 | Orc:2    | Reached XP level 13. HP: 101/101 MP: 18/18
 20834 | Orc:2    | Found Pigagud's Antique Weapon Shop.
 20856 | Orc:2    | Found Ybaeschoj's Book Shop.
 20882 | Orc:2    | Found a radiant altar of Vehumet.
 20883 | Orc:2    | Noticed an ogre mage
 20888 | Orc:2    | Killed an ogre mage
 21146 | Orc:2    | Found Etuaforph's Magic Scroll Shop.
 21153 | Orc:2    | Found Omeoq's Distillery.
 21156 | Orc:2    | Bought a scroll of enchant weapon for 127 gold pieces
 21156 | Orc:2    | Bought a scroll of enchant weapon for 127 gold pieces
 21156 | Orc:2    | Bought a scroll of enchant weapon for 127 gold pieces
 21156 | Orc:2    | Bought a scroll of enchant weapon for 127 gold pieces
 21273 | Lair:1   | Entered Level 1 of the Lair of Beasts
 21357 | Lair:1   | Noticed a seven-headed hydra
 21363 | Lair:1   | Killed a seven-headed hydra
 21796 | Lair:1   | Found a runed translucent gate.
 21796 | Lair:1   | Found a runed translucent gate.
 21796 | Lair:1   | Found a runed translucent gate.
 21800 | Lair:1   | Noticed Zuem's ghost (journeyman DrIE)
 22187 | Lair:1   | Found a viscous altar of Jiyva.
 22635 | Lair:2   | Reached skill level 10 in Fighting
 22635 | Lair:2   | Reached skill level 10 in Long Blades
 23409 | Lair:2   | Found a staircase to the Swamp.
 23796 | Lair:3   | Noticed Nergalle
 23801 | Lair:3   | Killed Nergalle
 23838 | Lair:3   | Noticed a six-headed hydra
 23843 | Lair:3   | Killed an eight-headed hydra
 23972 | Lair:3   | Identified the ring of Eternal Harmony {rC- rN+ Will+
                  | Dex+4}
 24262 | Lair:3   | Reached XP level 14. HP: 110/110 MP: 20/20
 24728 | Lair:3   | Noticed Prince Ribbit
 24741 | Lair:3   | Killed Prince Ribbit
 25533 | Lair:3   | Identified a scroll of acquirement
 25533 | Lair:3   | Acquired a +2 tower shield of protection
 26181 | Lair:4   | Found the +2 hood of the Assassin {Detection Stab+ Stlth++}
 26331 | Lair:4   | Found a staircase to the Snake Pit.
 27384 | Lair:5   | Found a viscous altar of Jiyva.
 27385 | Lair:5   | Found a staircase to the Slime Pits.
 28172 | Lair:6   | Entered Level 6 of the Lair of Beasts
 28451 | Lair:6   | Reached XP level 15. HP: 115/117 MP: 22/22
 28810 | Lair:6   | Found a runed translucent door.
 28810 | Lair:6   | Noticed Buinah's ghost (journeyman DjFE)
 28868 | Lair:6   | Acquired a +0 triple sword of holy wrath
 29983 | D:11     | Noticed Sonja
 29988 | D:11     | Killed Sonja
 30072 | D:11     | Reached skill level 10 in Invocations
 30808 | D:12     | Found an opulent altar of Gozag.
 31436 | D:13     | Acquired the amulet of Ubro {Reflect rF++ Str-3 Dex+3
                  | Slay+3 SH+5}
 31645 | D:13     | Noticed Jorgrun
 31656 | D:13     | Killed Jorgrun
 31657 | D:13     | Reached skill level 15 in Shields
 31657 | D:13     | Noticed Erolcha
 31667 | D:13     | Killed Erolcha
 32585 | D:14     | Reached XP level 16. HP: 126/126 MP: 23/23
 32787 | D:14     | Noticed Kirke
 32793 | D:14     | Killed Kirke
 32906 | D:14     | Found a gate to the Vaults.
 33510 | D:15     | Entered Level 15 of the Dungeon
 34316 | D:15     | Found a staircase to the Depths.
 35355 | Swamp:1  | Entered Level 1 of the Swamp
 35377 | Swamp:1  | Acquired a manual of Armour
 35550 | Lair:2   | Reached skill level 15 in Armour
 35572 | Swamp:1  | Reached XP level 17. HP: 123/133 MP: 25/25
 36120 | Swamp:1  | Noticed Frances
 36131 | Swamp:1  | Killed Frances
 36489 | Swamp:2  | Noticed a thorn hunter
 36497 | Swamp:2  | Killed a thorn hunter
 37855 | Swamp:2  | Noticed a tentacled monstrosity
 37866 | Swamp:2  | Killed a tentacled monstrosity
 37891 | Swamp:2  | Noticed a tentacled monstrosity
 37906 | Swamp:2  | Killed a tentacled monstrosity
 38559 | Swamp:2  | Noticed a tentacled monstrosity
 38570 | Swamp:2  | Killed a tentacled monstrosity
 38573 | Swamp:2  | Noticed a tentacled monstrosity
 38586 | Swamp:2  | Killed a tentacled monstrosity
 39507 | Swamp:3  | Reached XP level 18. HP: 134/142 MP: 26/26
 40465 | Swamp:3  | Noticed a tentacled monstrosity
 40473 | Swamp:3  | Killed a tentacled monstrosity
 41381 | Swamp:4  | Entered Level 4 of the Swamp
 41772 | Swamp:4  | Identified the +2 plate armour of the Eight Boll Weevils
                  | {Dex-4 SInv Stlth+}
 41819 | Swamp:4  | Reached skill level 10 in Dodging
 42408 | Swamp:4  | Identified the +4 plate armour of Inquiry {+Blink Will+}
 42585 | Swamp:4  | Got a decaying rune of Zot
 42901 | Snake:1  | Entered Level 1 of the Snake Pit
 42901 | Snake:1  | Noticed Aizul
 42918 | Lair:4   | Killed Aizul
 43224 | Snake:1  | Found a frozen archway.
 43228 | IceCv    | Entered an ice cave
 43494 | IceCv    | Found a viscous altar of Jiyva.
 43711 | IceCv    | Got the ring "Tocip" {rC+ Int+4}
 43714 | IceCv    | Identified the +2 robe "Cenimp" {rC- rCorr Int+4}
 44675 | IceCv    | Identified Mokun's Collected Works on the Glacier
 44840 | Snake:1  | Reached XP level 19. HP: 144/149 MP: 28/28
 46495 | Snake:1  | Noticed Azrael
 46501 | Snake:1  | Killed Azrael
 47004 | Snake:2  | Found a runed translucent door.
 47004 | Snake:2  | Found a shimmering altar of Xom.
 47004 | Snake:2  | Noticed 2FriedEggs's ghost (adept PaWr)
 47517 | Snake:2  | Reached skill level 15 in Long Blades
 49026 | Snake:2  | You fall into a shaft and drop 1 floor!
 49038 | Snake:4  | Entered Level 4 of the Snake Pit
 49601 | Snake:3  | Noticed Bai Suzhen
 49612 | Snake:3  | Killed Bai Suzhen
 49967 | Snake:3  | Noticed Saint Roka
 50003 | Snake:3  | Killed Saint Roka
 50181 | Snake:3  | Noticed Vashnia
 50190 | Snake:3  | Reached XP level 20. HP: 158/158 MP: 29/29
 50193 | Snake:3  | Noticed Mara
 50202 | Snake:3  | Killed Vashnia
 50204 | Snake:3  | Noticed reriks's illusion
 50217 | Snake:3  | Killed Mara
 50580 | Snake:3  | Identified the +1 leather armour of Daisies {rN+}
 51200 | Snake:3  | Found Emnew's Weapon Boutique.
 51202 | Snake:3  | Found Cuuk's Jewellery Shop.
 51215 | Snake:3  | Bought the ring of Taxtegal {Fly rElec rPois EV+4} for 788
                  | gold pieces
 51287 | Snake:3  | Noticed Donald
 51302 | Snake:3  | Killed Donald
 51864 | Snake:2  | Identified the +1 leather armour of the Dwarven Hall {-Cast
                  | rElec rF- Dex+4}
 54062 | Snake:4  | Got a serpentine rune of Zot
 54688 | Snake:4  | Found Hato's General Store.
 54690 | Snake:4  | Found Walu's Book Shoppe.
 54692 | Snake:4  | Found Doubbog's Book Emporium.
 54696 | Snake:4  | Bought 2 potions of heal wounds for 180 gold pieces
 54699 | Snake:4  | Reached XP level 21. HP: 165/165 MP: 31/31
 54700 | Snake:4  | Reached XP level 22. HP: 173/173 MP: 32/32
 55215 | Vaults:1 | Entered Level 1 of the Vaults
 55437 | D:14     | Reached XP level 23. HP: 179/179 MP: 33/33
 55836 | Vaults:1 | Identified the +2 scale mail of Sif Muna's Regard {rElec
                  | Str+4 Int+5}
 58334 | Vaults:2 | Found Canuidd's Jewellery Shoppe.
 58823 | Vaults:3 | Reached XP level 24. HP: 179/187 MP: 34/34
 59331 | Vaults:3 | Found a staircase to the Crypt.
 59336 | Vaults:3 | Reached skill level 15 in Fighting
 60096 | Vaults:3 | Noticed Mennas
 60103 | Vaults:3 | Reached skill level 15 in Invocations
 60137 | Vaults:3 | Killed Mennas
 61156 | Vaults:3 | Identified the ring "Zaamiano" {Will+ Dex+6}
 62763 | Vaults:5 | Entered Level 5 of the Vaults
 62768 | Vaults:5 | Reached XP level 25. HP: 189/195 MP: 15/34
 63208 | Vaults:5 | Noticed a dread lich
 63374 | Vaults:4 | Killed a dread lich
 63953 | Vaults:5 | Noticed a dread lich
 63972 | Vaults:5 | Killed a dread lich
 65515 | Vaults:5 | Noticed a dread lich
 65524 | Vaults:5 | Killed a dread lich
 65613 | Vaults:5 | Reached XP level 26. HP: 183/203 MP: 35/35
 65678 | Vaults:5 | Noticed a dread lich
 65700 | Vaults:5 | Killed a dread lich
 66096 | Vaults:5 | Got a silver rune of Zot
 66256 | Vaults:5 | Identified the +7 mace of Eternity {chaos, rF- Will++ Dex+4
                  | SInv}
 66789 | Vaults:5 | Identified the +9 lajatang of Paper {venom, rN+ Will+
                  | Dex+4}
 67111 | Vaults:5 | Identified the Grimoire of Orientation and the Birds
 67331 | Vaults:5 | Found the +9 staff of Olgreb {rPois∞}
 67629 | Elf:1    | Entered Level 1 of the Elven Halls
 67714 | Elf:1    | Noticed Kul Yruc's ghost (adept HuHu)
 67715 | Elf:1    | Found a transporter.
 67721 | Elf:1    | Found a transporter.
 68057 | Elf:1    | Found a shimmering blue altar of Sif Muna.
 68689 | Elf:2    | Found a runed translucent gate.
 68689 | Elf:2    | Found a runed translucent gate.
 68689 | Elf:2    | Found a runed translucent gate.
 71207 | Elf:2    | Reached XP level 27. HP: 205/212 MP: 35/35
 71341 | Elf:3    | Entered Level 3 of the Elven Halls
 73122 | Elf:3    | Noticed Nikola
 73133 | Elf:3    | Killed Nikola
 73444 | Elf:3    | Identified the +8 short sword of Exquisite Death {flame,
                  | rPois rC- rCorr Dex+3}
 73643 | Elf:3    | Identified the +0 leather armour "Veliciy" {rPois rCorr}
 73643 | Elf:3    | Identified the ring "Wuryom" {rElec Int+8 Dex-3 Slay+4
                  | Stlth-}
 74021 | Elf:3    | Identified the ring "Siodot" {Fly rPois Int+2}
 75373 | Elf:3    | Identified the +1 ring mail of Inference {rCorr SInv}
 75423 | Elf:3    | Identified the Tome of Freezing Transmigration
 75896 | Depths:1 | Entered Level 1 of the Depths
 76124 | Depths:1 | Found a hide-covered altar of Uskayaw.
 76352 | Depths:1 | Found a gateway to Hell.
 76792 | Depths:1 | Found a one-way gate leading to the halls of Pandemonium.
 76967 | Depths:1 | Found a shimmering blue altar of Sif Muna.
 77920 | Depths:2 | Found a bloodstained altar of Trog.
 78528 | Depths:2 | Acquired a +2 crystal plate armour
 79047 | Depths:3 | Found a shimmering blue altar of Sif Muna.
 79093 | Depths:3 | Found Aphezow's Distillery.
 79094 | Depths:3 | Found Jicasoc's Armour Shop.
 79132 | Depths:3 | Bought a +0 pair of boots for 90 gold pieces
 79146 | Depths:3 | Bought a potion of heal wounds for 105 gold pieces
 79146 | Depths:3 | Bought a potion of heal wounds for 105 gold pieces
 79146 | Depths:3 | Bought 2 potions of might for 168 gold pieces
 79146 | Depths:3 | Bought a potion of might for 84 gold pieces
 79218 | Depths:3 | Found a one-way gate to the infinite horrors of the Abyss.
 79234 | Depths:3 | Found Wafin's Armour Shop.
 79430 | Depths:3 | Found Jelethel's Jewellery Boutique.
 80531 | Depths:3 | Noticed a juggernaut
 80543 | Depths:3 | Killed a juggernaut
 81532 | Depths:4 | Identified the +5 hand axe of the Final Chapter {drain,
                  | rElec rPois rF+++ Str-3}
 82800 | Depths:4 | Identified the +7 flail "Iphod" {flame, rN++ Dex+7 Stlth-}
 82831 | Depths:4 | Found the +9 sword of Zonguldrok {reap}
 82862 | Depths:4 | Found a gateway to a ziggurat.
 83047 | Depths:5 | Entered Level 5 of the Depths
 83274 | Depths:5 | Noticed Frederick
 83285 | Depths:5 | Killed Frederick
 83861 | Depths:5 | Found Nits's Distillery.
 83869 | Depths:5 | Bought a potion of heal wounds for 50 gold pieces
 83869 | Depths:5 | Bought a potion of heal wounds for 50 gold pieces
 83997 | Depths:5 | Reached skill level 15 in Dodging
 84440 | Depths:5 | Found a gate to the Realm of Zot.
 84453 | Depths:5 | Identified the +6 spear "Raxocas" {elec, rF+}
 84486 | Depths:5 | Upgraded the game from 0.27-a0-1217-g8a41f320e8 to
                  | 0.27-a0-1219-g958d993ae5
 84852 | Zot:1    | Entered Level 1 of the Realm of Zot
 86547 | Hell     | Entered the Vestibule of Hell
 86547 | Hell     | Noticed Geryon
 86568 | Hell     | Killed Geryon
 87637 | Hell     | Found a gateway to the Iron City of Dis.
 87756 | Hell     | Found a gateway to the ashen valley of Gehenna.
 87844 | Hell     | Found a gateway to the decaying netherworld of Tartarus.
 87844 | Hell     | Noticed a dread lich
 87854 | Hell     | Killed a dread lich
 87962 | Hell     | Found a gateway to the freezing wastes of Cocytus.
 88169 | Geh:1    | Entered Level 1 of Gehenna
 88367 | Geh:1    | Upgraded the game from 0.27-a0-1219-g958d993ae5 to
                  | 0.27-a0-1232-gc6a4cbde82
 89358 | Crypt:1  | Entered Level 1 of the Crypt
 90250 | Crypt:2  | Noticed a dread lich
 90258 | Crypt:2  | Killed a dread lich
 90864 | Crypt:3  | Entered Level 3 of the Crypt
 91406 | Crypt:3  | Noticed an ancient lich
 91412 | Crypt:3  | Killed an ancient lich
 93220 | Crypt:3  | Found a staircase to the Tomb.
 94038 | Crypt:3  | Noticed a dread lich
 94047 | Crypt:3  | Killed a dread lich
 94431 | Crypt:3  | Found an ancient bone altar of Kikubaaqudgha.
 94437 | Crypt:3  | Noticed an ancient lich
 94441 | Crypt:3  | Noticed an ancient lich
 94443 | Crypt:3  | Killed an ancient lich
 94448 | Crypt:3  | Killed an ancient lich
 94957 | Crypt:3  | Noticed Margery
 95002 | Crypt:3  | Killed Margery
 95059 | Crypt:3  | Identified the Handbook of Necromancy
 95274 | Crypt:3  | Identified the +0 buckler of Itomm {rC- rN+++ Dex+4}
 95277 | Crypt:3  | Upgraded the game from 0.27-a0-1232-gc6a4cbde82 to
                  | 0.27-a0-1256-gced786f65e
 95379 | Tomb:1   | Entered Level 1 of the Tomb of the Ancients
 95505 | Tomb:1   | HP: 9/224 [mummy priest/divine providence (12)]
 95507 | Tomb:1   | HP: 4/224 [poisoned by an ushabti (dark miasma)]
 97761 | Zot:2    | Noticed an orb of fire
 98191 | Zot:2    | Gained mutation: Your magical capacity is low. (-10% MP)
                  | [an orb of fire]
 98199 | Zot:2    | Gained mutation: You are frail. (-10% HP) [an orb of fire]
 98204 | Zot:2    | Killed an orb of fire
100194 | Zot:3    | Identified the +4 plate armour of Least Resistance {rF++
                  | Regen+}
102751 | Zot:5    | Entered Level 5 of the Realm of Zot
102767 | Zot:5    | HP: 8/203 [yellow draconian/+0 hand axe (9)]
102771 | Zot:5    | Killed from afar by a deathcap

Illustrated notes

Levels and vault maps discovered:
D:1:      giann_bridges, layout_loops_ring, shapermc_ecumenical_altar_notcrosses
D:2:      layout_loops_ring
D:3:      layout_basic, pdpol_wu_jian_five_deadly_venoms, minmay_lizard_king,
          uniq_grinder, uniq_robin
D:4:      layout_gridville, amcnicky_altar_gilded, grunt_temple_overflow_open,
          uniq_ijyb, uniq_blork_the_orc, uniq_natasha
D:5:      layout_loops_ring, minmay_temple_entry_large_hall,
          portal_sewer_entry_a, wad_woods_river_04, uniq_sigmund
D:6:      layout_basic, xom_teletrap_fun, dk_yredelemnul_ordeal,
          ebering_ghost_rock_garden, minmay_misc_feat_plants, uniq_edmund
D:7:      layout_layer_cave, enter_bailey_3, grunt_tough_drop, uniq_duvessa,
          uniq_joseph
D:8:      layout_rooms, kennysheep_little_box, serial_shops, shop, shop,
          uniq_maurice
D:9:      layout_irregular_city, serial_ice, serial_ice_c, serial_ice_h,
          serial_ice_e, serial_ice_j, small_chamber_with_monster
D:10:     layout_loops_ring, erik_lair_orcish_takeover, orc_0_dummy, uniq_harold
D:11:     minmay_evil_eye, layout_irregular_city, uniq_sonja
D:12:     layout_roguey, grunt_gozag_breadcrumbs
D:13:     layout_long_grid, uniq_erolcha, uniq_jorgrun
D:14:     layout_basic, erik_vaults_1, chequers_garden, uniq_kirke
D:15:     grunt_enter_depths_snipers, layout_loops_ring, special_room
          [special_room_orc]
Lair:1:   layout_gridlike, gammafunk_ghost_ooze,
          grunt_forest_small_clearing_treed, grunt_megastairs_3,
          lemuel_fruit_tree
Lair:2:   layout_layer_cave, minmay_swamp_entry_worms
Lair:3:   layout_cave_pods, minmay_lair_oklob_items, uniq_nergalle,
          uniq_prince_ribbit2
Lair:4:   layout_cave_pods, guppyfry_snake_entry_garden, ice2_lemuel
Lair:5:   layout_cave_pods, slime_altar_1
Lair:6:   gammafunk_lair_ancient_temple, layout_cave_pods,
          hellmonk_ghost_happy_afterlife
Swamp:1:  layout_basic_swamp, nicolae_swamp_dense_foliage, uniq_frances
Swamp:2:  nzn_winding_woodlands_cross [nzn_winding_woodlands_5x15_split_checker,
          nzn_winding_woodlands_5x15_concentric,
          nzn_winding_woodlands_5x15_lazy_stream,
          nzn_winding_woodlands_5x15_longhouse,
          nzn_winding_woodlands_15x15_thick_spiral], layout_falls_marsh,
          hangedman_swamp_ruin_wall, cheibrodos_swamp_witchery
Swamp:3:  layout_basic_swamp, evilmike_swamp_ruin_house_4
Swamp:4:  swamp_fiery, layout_basic_swamp, nicolae_swamp_hydra_murder_den
Snake:1:  layout_layer_cave, portal_ice_cave_entry_pillars_four, uniq_azrael,
          uniq_aizul
Snake:2:  nicolae_snake_crotalidae_crossing, layout_chambers, ebering_ghost_xom,
          nicolae_snake_single_loop, serial_bayou_shore_a
Snake:3:  layout_misc_corridors, nicolae_snake_guarding_the_ruins,
          minmay_shoptagon, uniq_donald, uniq_saint_roka, uniq_vashnia,
          uniq_mara, uniq_bai_suzhen
Snake:4:  snake_pit, layout_cave_town, st_stairs_3, minmay_shop_star
Orc:1:    layout_diamond_mine, lightli_orcish_oven
Orc:2:    kennysheep_orc_mage_school, layout_diamond_mine
Elf:1:    eino_elf_arrival_customs, layout_loops_cross, basic_altar,
          gammafunk_ghost_arena, minivault_28
Elf:2:    layout_geoelf_diagonals, serial_sigils,
          serial_sigils_hangedman_quiver, serial_sigils_hangedman_scar,
          serial_sigils_hangedman_gnaw, serial_sigils_hangedman_snap
Elf:3:    minmay_elf_hall_spiked, layout_gridlike, grunt_megastairs_2,
          uniq_nikola
Vaults:1: v_misc_4, vaults_room_fancy_cross, dpeg_vaults_monster_box,
          ontoclasm_vaults_decontamination, nicolae_vaults_what_the_h,
          vaults_room_door_ring, nicolae_vaults_shelves_hall, v_misc_2,
          layout_vaults_omnigrid
Vaults:2: grunt_vaults_swirl, grunt_vaults_hallway_long, v_rooms_2,
          nicolae_vaults_little_squares_4, vaults_dpeg_hooks, v_misc_2,
          v_misc_26, v_misc_9, ontoclasm_vaults_ligature, vaults_dpeg_cross,
          nicolae_vaults_shelves_hall, hangedman_vaults_restitches,
          layout_vaults_big_cross, serial_shops, shop
Vaults:3: vaults_room_semicircle, minmay_crypt_entry_simple_plaza,
          hangedman_vaults_snaps, v_misc_4, nicolae_vaults_theta,
          nicolae_vaults_circle_grid_b, v_alt_pattern_6, grunt_vaults_twisty,
          vaults_room_fancy_cross, nicolae_vaults_little_ls, st_hourglassy,
          grunt_vaults_diagonal, v_misc_15, vaults_standard_mumra_lines,
          nicolae_vaults_yaktaur_gun_rack, layout_vaults_omnibox, serial_shops,
          uniq_mennas
Vaults:4: v_misc_31, nicolae_vaults_ninety_degrees, v_misc_12,
          nicolae_vaults_diagonal_hallway_6, hangedman_vaults_corner_blocks,
          nicolae_vaults_windows_and_doors_thing, grunt_vaults_bifocal,
          v_alt_pattern_1, nicolae_vaults_alarming, v_misc_33, v_misc_25,
          vaults_dpeg_ring, nicolae_vaults_little_squares_2,
          ontoclasm_vaults_pinch, vaults_room_pool, nicolae_vaults_rhombus_5,
          layout_vaults_ring
Vaults:5
Crypt:1:  layout_chaotic_city, grunt_megastairs_5, grunt_crypt_arrival_split
Crypt:2:  layout_basic, roderic_lattice_octagonal_star
Crypt:3:  quadcrypt_mu, uniq_margery
Tomb:1
Depths:1: layout_basic, pan_entry, hell_entry, lemuel_crystal_altar,
          eat_drink_and_be_merry_uskayaw
Depths:2: minmay_containers, layout_basic, trog_three_pillars_becter,
          hangedman_tar_grid_catacomb, hangedman_glass_teeth,
          serial_bayou_pond_b, hangedman_devilish_allure
Depths:3: minmay_isolated_rectangles_in_corner, layout_honeycomb,
          rand_demon_pan_entry_7, abyss_entry, hellmouth_1, serial_shops,
          nicolae_shop_crystal, shop, nicolae_shop_trees,
          nicolae_shop_statue_plus, nicolae_sif_muna_condensation,
          infiniplex_staircase_zigzag_1, serial_bayou_shore_b
Depths:4: radiant_caverns_a_rkd, abyss_entry, hell_entry
Depths:5: grunt_zot_entry_pinwheel, layout_cave_pools, serial_shops, shop,
          hell_entry, serial_bayou_ford_a, uniq_frederick
Hell
Geh:1:    layout_gehenna_pools_triple, lemuel_flamethrower_3
Geh:2:    layout_gehenna_pools_basic
Geh:3:    layout_gehenna_pools_box, hangedman_feature_mirror
Zot:1:    layout_concentric_octagons
Zot:2:    layout_misc_corridors
Zot:3:    nicolae_moth_party, layout_misc_corridors, bh_zot_levy_curve,
          st_single_dragon_hoard_2
Zot:4:    layout_gridlike, drop_trap
Zot:5:    layout_basic

Skill      XL: |  1  2  3  4  5  6  7  8  9 10 11 12 13 14 15 16 17 18 19 20 21 22 23 24 25 26 27 |
---------------+----------------------------------------------------------------------------------+-----
Shields        | 4 5 6 7 8 9 11 12 13 14 15 16 17 18 19 20 21 22 26 | 26.9
Armour         | 4 5 6 7 9 10 11 12 13 14 15 16 18 19 20 21 22 26 | 26.2
Fighting       | 4 5 6 7 8 9 10 11 12 13 14 15 16 20 | 20.7
Dodging        | 1 2 3 4 5 6 7 8 9 10 11 12 13 17 | 17.5
Long Blades    | 3 4 5 6 7 9 10 11 12 13 14 15 16 17 18 19 23 | 23.0
Invocations    | 2 3 5 6 7 8 9 10 11 12 13 14 15 16 21 | 21.5

Action                   |  1- 3 |  4- 6 |  7- 9 | 10-12 | 13-15 | 16-18 | 19-21 | 22-24 | 25-27 || total
-------------------------+-------+-------+-------+-------+-------+-------+-------+-------+-------++-------
Melee: Long sword        |   101 |   143 |   416 |       |       |       |       |       |       ||   660
       Falchion          |       |       |    58 |       |       |       |       |       |       ||    58
       Scimitar          |       |       |    22 |       |       |       |       |       |       ||    22
       Great sword       |       |       |     4 |   473 |   796 |   785 |   627 |   804 |  1897 ||  5386
       Triple sword      |       |       |       |       |       |     1 |       |       |  1916 ||  1917
       Double sword      |       |       |       |       |       |       |       |       |   122 ||   122
Throw: Dart              |       |       |     9 |     1 |       |       |       |       |     1 ||    11
Invok: Bend Time         |       |       |     1 |       |       |     4 |       |     5 |     2 ||    12
       Slouch            |       |       |       |       |    17 |    14 |     5 |    15 |    19 ||    70
       Step From Time    |       |       |       |       |       |       |       |       |     2 ||     2
 Abil: Dig               |       |       |       |    23 |    14 |     6 |    11 |     1 |    13 ||    68
Evoke: Wand              |       |       |    12 |     4 |    19 |    19 |     1 |       |       ||    55
  Use: Potion            |       |     3 |     2 |       |       |       |     6 |     1 |     4 ||    16
       Scroll            |       |       |    12 |    12 |    13 |     5 |     3 |     3 |    14 ||    62
 Stab: Paralysed         |       |       |     6 |       |       |       |       |       |       ||     6
       Distracted        |       |       |       |       |       |       |     1 |       |     4 ||     5
Armor: Scale mail        |    46 |    65 |    18 |       |       |       |       |       |       ||   129
       Plate armour      |       |       |   161 |   200 |   242 |   278 |   101 |   155 |   167 ||  1304
       Crystal plate arm |       |       |       |       |       |       |       |       |   526 ||   526
Dodge: Dodged            |    25 |    62 |   116 |   235 |   263 |   278 |   210 |   450 |  1801 ||  3440
Block: Kite shield       |    33 |    63 |   248 |   379 |   212 |       |       |       |       ||   935
       Tower shield      |       |       |       |       |   540 |  1173 |   958 |  1381 |  6164 || 10216
       Reflection        |       |       |       |       |    14 |    64 |   154 |    84 |   182 ||   498
       Rpst.: Long sword |     7 |    22 |    25 |       |       |       |       |       |       ||    54
       Falchion          |       |       |     3 |       |       |       |       |       |       ||     3
       Great sword       |       |       |     1 |    59 |    51 |    33 |    33 |    74 |    87 ||   338
       Scimitar          |       |       |     1 |       |       |       |       |       |       ||     1
       Triple sword      |       |       |       |       |       |       |       |       |   122 ||   122
       Double sword      |       |       |       |       |       |       |       |       |    14 ||    14

Table legend: (Time is in decaauts)
 A = Elapsed time spent in this place.
 B = Non-inter-level travel time spent in this place.
 C = Inter-level travel time spent in this place.
 D = Time resting spent in this place.
 E = Time spent auto-exploring this place.
 F = Levels seen in this place.
 G = Mean time per level.
                   A        B        C        D        E       F      G
               +--------+--------+--------+--------+--------+-----+--------+
         Total | 139440 | 129959 |   9481 |  43566 |  63723 |  59 | 2363.4 |
       Dungeon |  28270 |  25466 |   2804 |   6733 |  14385 |  15 | 1884.7 |
          Lair |  14166 |  13078 |   1088 |   1889 |   9599 |   6 | 2361.0 |
         Swamp |   9208 |   8866 |    342 |   4420 |   3276 |   4 | 2302.0 |
     Snake Pit |  14023 |  13493 |    530 |   5478 |   5912 |   4 | 3505.8 |
  Orcish Mines |   6181 |   5969 |    212 |   3014 |   1459 |   2 | 3090.5 |
   Elven Halls |  10837 |  10071 |    766 |   4587 |   3677 |   3 | 3612.3 |
        Vaults |  17517 |  15931 |   1586 |   4855 |   8465 |   5 | 3503.4 |
         Crypt |   8719 |   8065 |    654 |   2942 |   3480 |   3 | 2906.3 |
          Tomb |    965 |    889 |     76 |    502 |    147 |   1 |  965.0 |
        Depths |  13786 |  12731 |   1055 |   3659 |   6662 |   5 | 2757.2 |
          Hell |   1403 |   1338 |     65 |    218 |    655 |   1 | 1403.0 |
       Gehenna |   1193 |   1193 |      0 |    264 |    151 |   3 |  397.7 |
           Zot |   9662 |   9364 |    298 |   3844 |   4328 |   5 | 1932.4 |
         Sewer |   1702 |   1702 |      0 |    321 |    943 |   1 | 1702.0 |
      Ice Cave |   1802 |   1802 |      0 |    837 |    579 |   1 | 1802.0 |
               +--------+--------+--------+--------+--------+-----+--------+

Top non-repeatable levels by time:
 Crypt:3: 6036 daAuts
   Elf:3: 5389 daAuts
Vaults:5: 4652 daAuts
   Orc:2: 4570 daAuts
 Swamp:2: 4058 daAuts
   Elf:2: 3848 daAuts
Depths:4: 3835 daAuts
 Snake:2: 3778 daAuts
Vaults:3: 3669 daAuts
   Zot:1: 3588 daAuts
 Snake:4: 3581 daAuts
 Snake:1: 3432 daAuts
Vaults:4: 3307 daAuts
     D:3: 3259 daAuts
 Snake:3: 3230 daAuts
